 Dungeon Crawl Stone Soup version 0.21-a0-405-gf2af9a1 (webtiles) character file.

79473 karf the Spry (level 15, -8/129 HPs)
             Began as a Merfolk Fighter on Nov 1, 2017.
             Was a High Priest of Ru.
             Shot with a stone by a faun (10 damage)
             ... on level 1 of the Shoals.
             The game lasted 01:24:56 (25055 turns).

karf the Spry (Merfolk Fighter)                    Turns: 25055, Time: 01:24:57

Health: -8/129     AC: 17    Str: 22    XL:     15   Next: 63%
Magic:  0/13       EV: 29    Int: 10    God:    Ru [*****.]
Gold:   1037       SH:  0    Dex: 24    Spells: 14/14 levels left

rFire    + . .     SeeInvis .   I - +3 trident "Beibrona" {flame, rN+ Str+2 Dex-3}
rCold    . . .     Gourm    .   x - +0 large shield
rNeg     + . .     Faith    .   C - +6 scale mail of Nasut {Dex+7}
rPois    .         Spirit   +   k - +1 helmet {Int+3}
rElec    .         Reflect  .   s - +1 cloak
rCorr    .         Harm     .   S - +0 pair of gloves
MR       +....                  (boots currently unavailable)
Stlth    ..........             e - amulet of guardian spirit
HPRegen  0.31/turn              Y - ring of protection from cold
MPRegen  0.13/turn              Q - ring of Xaedoh {Fire +Fly Str+3 Stlth+}

@: confused, glowing, very quick
A: change form in water, swift swim, stealthy swim, low mp 1, no stealth,
inability to use devices, hated by all, no conjurations magic, no necromancy
magic, no poison magic
a: Sacrifice Essence, Sacrifice Skill, Sacrifice Words, Reject Sacrifices, Draw
Out Power, Power Leap, Apocalypse, Renounce Religion


You were on level 1 of the Shoals.
You worshipped Ru.
Ru was extremely pleased with you.
You were near starving.

You visited 4 branches of the dungeon, and saw 22 of its levels.
You also visited: Labyrinth.

You collected 1846 gold pieces.
You spent 809 gold pieces at shops.

Inventory:

Hand Weapons
 I - the +3 trident "Beibrona" (weapon) {flame, rN+ Str+2 Dex-3}
   (You bought it in a shop on level 6 of the Dungeon)

   It has been specially enchanted to burn those struck by it, causing extra
   injury to most foes and up to half again as much damage against particularly
   susceptible opponents.
   It affects your strength (+2).
   It affects your dexterity (-3).
   It protects you from negative energy.
Armour
 b - a +0 scale mail
 c - a +0 shield
 g - a +0 pair of boots (melded)
 k - a +1 helmet of intelligence (worn)
 s - a +1 cloak (worn)
 x - a +0 large shield (worn)
 C - the +6 scale mail of Nasut (worn) {Dex+7}
   (You took it off a minotaur in a labyrinth)

   It affects your dexterity (+7).
 K - a +0 troll leather armour
 S - a +0 pair of gloves (worn)
 T - a +8 plate armour of ponderousness
 V - +0 fire dragon scales
Jewellery
 e - an amulet of guardian spirit (around neck)
 Q - the ring of Xaedoh (right hand) {Fire +Fly Str+3 Stlth+}
   (You found it in a labyrinth)

   [ring of fire]

   It enhances your fire magic.
   It affects your strength (+3).
   It protects you from fire.
   It makes you vulnerable to cold.
   It lets you fly.
   It makes you more stealthy.
 Y - a ring of protection from cold (left hand)
Scrolls
 d - 4 scrolls of magic mapping
 m - 5 scrolls of teleportation
 n - 2 scrolls of enchant armour
 v - 5 scrolls of fog
 y - a scroll of enchant weapon
 z - a scroll of blinking
 B - 3 scrolls of identify
 M - a scroll of remove curse
Potions
 h - 6 potions of curing
 i - 3 potions of cancellation
 j - a potion of invisibility {unknown}
 q - 6 potions of brilliance
 t - 2 potions of berserk rage {unknown}
 u - 5 potions of ambrosia
 A - a potion of resistance {unknown}
 D - 7 potions of flight
 F - 3 potions of magic {unknown}
 G - a potion of mutation {unknown}
 N - a potion of lignification
 P - a potion of agility {unknown}
Books
 w - a book of Misfortune

   Spells                             Type                      Level
   a - Confusing Touch                Hexes                        1
   b - Confuse                        Hexes                        3
   c - Gell's Gravitas                Translocation                3
   d - Petrify                        Transmutation/Earth          4
   e - Metabolic Englaciation         Hexes/Ice                    5
   f - Yara's Violent Unravelling     Hexes/Transmutation          5
 E - a book of Minor Magic

   Spells                             Type                      Level
   a - Magic Dart                     Conjuration                  1
   b - Blink                          Translocation                2
   c - Call Imp                       Summoning                    2
   d - Slow                           Hexes                        2
   e - Conjure Flame                  Conjuration/Fire             3
   f - Mephitic Cloud                 Conjuration/Poison/Air       3
 L - a book of Cantrips

   Spells                             Type                      Level
   a - Confusing Touch                Hexes                        1
   b - Animate Skeleton               Necromancy                   1
   c - Summon Small Mammal            Summoning                    1
   d - Apportation                    Translocation                1
 W - a book of Annihilations

   Spells                             Type                      Level
   a - Poison Arrow                   Conjuration/Poison           6
   b - Chain Lightning                Conjuration/Air              8
   c - Lehudib's Crystal Spear        Conjuration/Earth            8
   d - Glaciate                       Conjuration/Ice              9
   e - Fire Storm                     Conjuration/Fire             9
 X - a book of Callings

   Spells                             Type                      Level
   a - Summon Small Mammal            Summoning                    1
   b - Call Imp                       Summoning                    2
   c - Call Canine Familiar           Summoning                    3
   d - Summon Guardian Golem          Hexes/Summoning              3
   e - Summon Lightning Spire         Summoning/Air                4
   f - Summon Ice Beast               Ice/Summoning                4
Comestibles
 f - 10 bread rations
 l - 13 fruits
 p - 7 royal jellies
 H - 15 meat rations


   Skills:
 + Level 15.0 Fighting
 - Level 14.0 Polearms
 - Level 2.1 Armour
 + Level 17.0 Dodging
 * Level 15.9 Shields


You had 14 spell levels left.
You didn't know any spells.

Dungeon Overview and Level Annotations

Branches:
Dungeon (13/15)            Temple (0/1) D:6            Lair (6/6) D:10
 Shoals (1/4) Lair:3       Spider (0/4) Lair:4        Slime (0/5) Lair:5
    Orc (2/2) D:12            Elf (0/3) Orc:2
 Vaults: D:13-14

Altars:
Dithmenos
Hepliaklqana
Makhleb
Nemelex Xobeh
Ru
Sif Muna
Trog
The Shining One
Beogh
Jiyva

Shops:
D:6 %*}:%   D:12 =(}%:   Orc:1 ?   Orc:2 (*[:

Annotations:
D:5 exclusion: downstairs
Lair:5 exclusion: downstairs


Innate Abilities, Weirdness & Mutations

You revert to your normal form in water.
You are very nimble and swift while swimming.
You are very stealthy in the water. (Stealth+)
Your magical capacity is low. (-10% MP)
You cannot be stealthy.
You cannot study or use magical devices.
You are hated by all.
You cannot study or cast Conjurations magic.
You cannot study or cast Necromancy magic.
You cannot study or cast Poison magic.


Message History

The air twists around and strikes you! The merfolk barely misses you.
The snapping turtle misses you.
The faun points at you and mumbles some strange words.
You are outlined in light.
The faun casts a spell at you.
You are confused.
The merfolk hits you but does no damage.
The snapping turtle bites you!
* * * LOW HITPOINT WARNING * * *
You focus your will and slow the snapping turtle in retribution!
The merfolk hits you with a trident!
* * * LOW HITPOINT WARNING * * *
You focus your will and slow the merfolk in retribution!
The faun shoots a stone.
The stone completely misses you.
You see here a stone.
The faun is stunned by your will and fails to attack.
Your legs become a tail as you enter the water.
Your +0 pair of boots melds into your body.
The faun shoots a stone.
The stone hits you!
You die...

...≈≈...≈...##..≈≈≈≈≈≈≈#
.......≈≈."÷.#..≈≈≈≈≈≈≈#
.......≈...c≈≈≈≈≈≈≈≈≈≈#
..........c≈≈≈≈≈≈≈≈≈≈≈#
#...#.†<(≈(((≈≈≈≈≈≈≈≈≈#
# # ##(†.≈≈≈≈≈≈(≈≈≈≈≈≈#
##.....≈≈≈(≈≈≈≈≈≈≈#
##....c(≈≈≈≈≈≈≈≈≈≈≈#
#......@≈≈≈≈≈≈≈≈≈≈≈#
.####.....≈≈≈≈≈≈≈≈≈≈≈≈#
........(k≈≈≈≈≈≈≈≈≈≈≈≈#
.......mtm≈≈≈≈≈≈≈≈≈≈≈≈#
.#....≈≈m≈≈≈≈≈≈≈≈≈≈≈≈≈#
#...≈≈≈≈≈≈≈≈≈≈≈≈≈≈≈≈≈#
...$..≈≈≈≈≈≈≈≈≈≈≈≈≈≈≈≈#
[.......≈≈≈≈≈≈≈≈≈≈≈≈≈≈#
...........≈≈≈≈≈≈≈≈≈≈≈#


You could see a merfolk impaler, a snapping turtle, a wind drake, 2 merfolk and
3 fauns.

Vanquished Creatures
  Gastronok (Orc:1)
  An orc warlord (Orc:1)
  A fire dragon (Lair:6)
  A minotaur (Lab)
  Josephine (D:10)
  The ghost of melvinkitnick the Severer, a journeyman DDFi of Makhleb (Orc:1)
  6 hydras
  A catoblepas (Lair:6)
  An ogre mage (D:11)
  A death knight (D:11)
  3 two-headed ogres
  2 centaur warriors
  18 death yaks
  2 orc high priests
  Urug (Orc:2)
  A skeletal warrior (D:12)
  A sea snake (Shoals:1)
  A phantasmal warrior (D:12)
  3 orc knights
  A lindwurm (Lair:6)
  5 harpies (Shoals:1)
  An ugly thing (D:12)
  A wolf spider (Lair:4)
  5 orc sorcerers
  A cyclops (D:12)
  Maurice (D:8)
  4 elephants (Lair:6)
  A centaur zombie (D:11)
  9 black mambas
  A torpor snail (Lair:6)
  3 molten gargoyles (Lair:6)
  A water nymph (Shoals:1)
  2 gargoyles
  4 merfolk sirens (Lair:3)
  15 spiny frogs
  A freezing wraith (D:12)
  3 rime drakes
  5 komodo dragons
  6 trolls
  The ghost of Mitsuki the Poker, an amateur MfGl of Okawaru (D:3)
  Grinder (D:4)
  Prince Ribbit (D:7)
  A hornet (D:11)
  A wind drake (Shoals:1)
  9 dream sheep
  5 blink frogs
  12 hippogriffs
  A redback (Lair:4)
  10 spriggans (Lair:2)
  3 wyverns
  3 wraiths (D:10)
  8 basilisks
  24 yaks
  7 hungry ghosts
  2 steam dragons (Lair:6)
  Menkaure (D:6)
  2 wargs
  10 water moccasins
  4 hell hounds (Lair:6)
  7 porcupines
  A black bear (D:7)
  30 orc warriors
  3 sky beasts
  2 ice beasts (D:10)
  2 necrophages
  11 ogres
  An eye of draining (D:11)
  3 wolves (Lair:3)
  10 crocodiles
  10 centaurs
  2 big kobolds
  14 bullfrogs
  Blork the orc (D:5)
  4 scorpions
  3 killer bees (D:11)
  9 wights
  2 electric eels
  2 howler monkeys (D:7)
  4 lava snakes (Lair:6)
  2 crimson imps
  2 bullfrog zombies
  2 centaur skeletons
  Crazy Yiuf (D:2)
  3 jellies
  31 orc wizards
  19 orc priests
  A bullfrog skeleton (D:6)
  Ijyb (D:3)
  Natasha (twice) (D:3)
  5 iguanas
  11 worker ants
  4 hound skeletons
  6 gnolls
  A howler monkey zombie (D:6)
  12 adders
  5 shadow imps
  An ooze (D:2)
  3 worms (D:2)
  2 dart slugs (D:1)
  5 leopard geckos
  79 orcs
  7 giant cockroaches
  18 goblins
  10 hobgoblins
  13 jackals
  11 quokkas
  2 ball pythons
  8 bats
  A giant cockroach zombie (D:5)
  28 kobolds
  8 rats
648 creatures vanquished.

Vanquished Creatures (others)
  A hydra (Lair:4)
  An elephant (Lair:6)
  A spiny frog (Lair:2)
  2 yaks
  A water moccasin (Lair:5)
  A sky beast (D:11)
  An ogre (D:6)
  A wight (D:7)
  A lava snake (Lair:6)
  An orc wizard (Orc:2)
  4 orcs
  12 fungi
  15 plants
42 creatures vanquished.

Grand Total: 690 creatures vanquished

Notes
Turn   | Place    | Note
-------+----------+-------------------------------------------
     0 | D:1      | karf the Merfolk Fighter began the quest for the Orb.
     0 | D:1      | Reached XP level 1. HP: 18/18 MP: 1/1
    98 | D:1      | Reached XP level 2. HP: 20/24 MP: 2/2
   146 | D:1      | Found a sacrificial altar of Ru.
   155 | D:1      | Became a worshipper of Ru the Awakened
   167 | D:1      | Reached skill level 1 in Dodging
   449 | D:1      | Reached XP level 3. HP: 24/29 MP: 3/3
  1022 | D:2      | Reached XP level 4. HP: 30/37 MP: 2/4
  1164 | D:2      | Reached skill level 2 in Dodging
  1318 | D:2      | Gained mutation: You cannot study or use magical devices. [Ru sacrifice]
  1318 | D:2      | Reached * piety under Ru
  1318 | D:2      | Reached ** piety under Ru
  1418 | D:2      | Found a runed door.
  1461 | D:2      | Reached XP level 5. HP: 34/42 MP: 3/5
  1666 | D:2      | Noticed Crazy Yiuf
  1681 | D:2      | Killed Crazy Yiuf
  1905 | D:3      | Noticed Mitsuki's ghost (amateur MfGl)
  1958 | D:3      | Killed Mitsuki's ghost
  1958 | D:3      | Reached skill level 5 in Polearms
  1958 | D:3      | Reached skill level 3 in Dodging
  1958 | D:3      | Reached skill level 5 in Shields
  1958 | D:3      | Reached XP level 6. HP: 14/49 MP: 1/6
  2308 | D:3      | Noticed Ijyb
  2327 | D:3      | Killed Ijyb
  2377 | D:3      | Noticed Natasha
  2390 | D:3      | Killed Natasha
  2390 | D:3      | Reached XP level 7. HP: 26/55 MP: 5/7
  2923 | D:3      | Noticed Natasha
  2929 | D:3      | Killed Natasha
  2929 | D:3      | Reached skill level 4 in Dodging
  3066 | D:3      | Found a bloodstained altar of Trog.
  3244 | D:4      | Found a glowing golden altar of the Shining One.
  3339 | D:4      | Reached skill level 5 in Fighting
  3409 | D:4      | Noticed Grinder
  3434 | D:4      | Paralysed by Grinder for 3 turns
  3440 | D:4      | Killed Grinder
  3716 | D:4      | Gained mutation: You cannot study or cast Poison magic. [Ru sacrifice]
  3716 | D:4      | Gained mutation: You cannot study or cast Necromancy magic. [Ru sacrifice]
  3716 | D:4      | Gained mutation: You cannot study or cast Conjurations magic. [Ru sacrifice]
  3716 | D:4      | Reached *** piety under Ru
  3886 | D:5      | Entered Level 5 of the Dungeon
  4207 | D:4      | Reached skill level 5 in Dodging
  4207 | D:4      | Reached XP level 8. HP: 46/63 MP: 5/8
  4456 | D:5      | Noticed Blork the orc
  4469 | D:5      | Killed Blork the orc
  4911 | D:6      | Noticed Menkaure
  5076 | D:6      | Found Qisatun's Assorted Antiques.
  5100 | D:6      | Bought a smoking trident for 212 gold pieces
  5100 | D:6      | Identified the +3 trident "Beibrona" {flame, rN+ Str+2 Dex-3} (You bought it in a shop on level 6 of the Dungeon)
  5126 | D:6      | Found Semor's Gadget Shop.
  5223 | D:6      | Reached skill level 6 in Dodging
  5342 | D:6      | Killed Menkaure
  5342 | D:6      | Reached XP level 9. HP: 20/70 MP: 4/9
  5769 | D:6      | Found Kaapyn's Food Shoppe.
  5836 | D:6      | Found Kairon's Book Emporium.
  5921 | D:6      | Gained mutation: You are hated by all. [Ru sacrifice]
  5921 | D:6      | Reached **** piety under Ru
  6251 | D:6      | Found Fem Jat's Food Emporium.
  6543 | D:6      | Found a staircase to the Ecumenical Temple.
  6910 | D:7      | Reached skill level 7 in Dodging
  6915 | D:7      | Noticed Prince Ribbit
  6945 | D:7      | Killed Prince Ribbit
  7105 | D:7      | Found a deep blue altar of Sif Muna.
  7105 | D:7      | Found a bloodstained altar of Trog.
  7223 | D:7      | Found a runed door.
  7285 | D:7      | Reached skill level 8 in Dodging
  7285 | D:7      | Reached XP level 10. HP: 66/79 MP: 8/10
  7370 | D:7      | Found a roughly hewn altar of Beogh.
  7652 | D:8      | Noticed Maurice
  7704 | D:8      | Killed Maurice
  8464 | D:9      | Found a deep blue altar of Sif Muna.
  8481 | D:9      | Found a burning altar of Makhleb.
  8481 | D:9      | Found a sacrificial altar of Ru.
  8496 | D:9      | Reached skill level 10 in Polearms
  8528 | D:9      | Reached skill level 10 in Shields
  8552 | D:9      | Found a sparkling altar of Nemelex Xobeh.
  8693 | D:9      | Found a hazy altar of Hepliaklqana.
  8879 | D:9      | You fall through a shaft for 3 floors!
  8882 | D:12     | Noticed a cyclops
  8892 | D:10     | Entered Level 10 of the Dungeon
  8924 | D:10     | Reached skill level 9 in Dodging
  9048 | D:10     | Noticed Josephine
  9066 | D:10     | Killed Josephine
  9311 | D:10     | Reached XP level 11. HP: 87/87 MP: 11/11
  9512 | D:10     | Found a staircase to the Lair.
  9517 | D:10     | Noticed a death yak
  9517 | D:10     | Noticed a death yak
  9518 | D:10     | Noticed a death yak
  9518 | D:10     | Noticed a death yak
  9567 | D:10     | Killed a death yak
  9981 | D:11     | Noticed a two-headed ogre
  9983 | D:11     | Noticed a centaur warrior
  9993 | D:11     | Noticed an ogre mage
 10015 | D:11     | Killed a centaur warrior
 10015 | D:11     | Reached skill level 10 in Dodging
 10039 | D:11     | Killed a two-headed ogre
 10070 | D:11     | Killed an ogre mage
 10090 | D:11     | Noticed a two-headed ogre
 10235 | D:11     | Killed a two-headed ogre
 10562 | D:11     | Reached XP level 12. HP: 97/97 MP: 12/12
 10645 | D:11     | Reached skill level 10 in Fighting
 10645 | D:11     | Reached skill level 11 in Dodging
 11092 | D:10     | Noticed a death yak
 11137 | D:10     | Killed a death yak
 11156 | D:10     | Killed a death yak
 11269 | D:10     | Killed a death yak
 11295 | D:10     | Killed a death yak
 11369 | Lair:1   | Entered Level 1 of the Lair of Beasts
 11507 | Lair:1   | Noticed a four-headed hydra
 11514 | Lair:1   | Killed a four-headed hydra
 11750 | Lair:1   | Noticed a five-headed hydra
 11764 | Lair:1   | Killed a five-headed hydra
 11845 | Lair:1   | Found a burning altar of Makhleb.
 12557 | Lair:2   | Found a labyrinth entrance.
 12569 | Lab      | Entered a labyrinth
 12837 | Lab      | Noticed a minotaur
 12928 | Lab      | Killed a minotaur
 12928 | Lab      | Reached skill level 12 in Dodging
 12930 | Lab      | Got a faintly glowing triple sword {slice}
 12930 | Lab      | Got a crude scale mail
 13060 | Lab      | Got a wavering steel ring
 13075 | Lair:2   | Identified the +6 scale mail of Nasut {Dex+7} (You took it off a minotaur in a labyrinth)
 13253 | Lair:2   | Reached XP level 13. HP: 106/106 MP: 13/13
 14386 | Lair:3   | Identified the ring of Xaedoh {Fire +Fly Str+3 Stlth+} (You found it in a labyrinth)
 14490 | Lair:3   | Found a staircase to the Shoals.
 15351 | Lair:4   | Found a hole to the Spider Nest.
 15860 | Lair:4   | Found a shadowy altar of Dithmenos.
 15949 | Lair:4   | Reached skill level 13 in Dodging
 17150 | Lair:5   | Found a viscous altar of Jiyva.
 17151 | Lair:5   | Found a staircase to the Slime Pits.
 17487 | Lair:5   | Reached XP level 14. HP: 94/115 MP: 11/14
 17512 | Lair:5   | Reached skill level 15 in Shields
 17850 | Lair:6   | Entered Level 6 of the Lair of Beasts
 18429 | Lair:5   | Reached skill level 14 in Dodging
 19665 | Lair:6   | Reached skill level 15 in Dodging
 20197 | Lair:6   | Gained mutation: You cannot be stealthy. [Ru sacrifice]
 20197 | Lair:6   | Reached ***** piety under Ru
 20473 | Lair:6   | Reached skill level 16 in Dodging
 20473 | Lair:6   | Found a large runed door.
 20476 | Lair:6   | Found a large runed door.
 21580 | D:12     | Found Eheat's Food Boutique.
 21607 | D:12     | Reached XP level 15. HP: 109/127 MP: 13/15
 21611 | D:12     | Found Alenuynt's Gadget Shoppe.
 21793 | D:12     | Found a staircase to the Orcish Mines.
 21832 | D:12     | Found Ohopoin's Book Boutique.
 21990 | D:12     | Found Dounar's Jewellery Shoppe.
 21998 | D:12     | Bought an uncursed ring of protection from cold for 350 gold pieces
 22146 | D:12     | Found Cahesche's Antique Weapon Shoppe.
 22227 | Orc:1    | Entered Level 1 of the Orcish Mines
 22543 | Orc:2    | Entered Level 2 of the Orcish Mines
 22563 | Orc:2    | Gained mutation: Your magical capacity is low. (-10% MP) [Ru sacrifice]
 22679 | Orc:2    | Noticed Urug
 22692 | Orc:2    | Noticed an orc warlord
 22704 | Orc:2    | Killed Urug
 23135 | Orc:2    | Found a roughly hewn altar of Beogh.
 23141 | Orc:2    | Found Qidax's General Store.
 23188 | Orc:1    | Noticed Gastronok
 23214 | Orc:1    | Killed Gastronok
 23707 | Orc:1    | Killed an orc warlord
 23828 | Orc:2    | Found Ahoot's Antique Armour Shop.
 23836 | Orc:2    | Found Azamm's Book Shop.
 23860 | Orc:2    | Bought a +1 helmet of intelligence for 247 gold pieces
 24019 | Orc:2    | Found a staircase to the Elven Halls.
 24184 | Orc:2    | Found Cyceros's Antique Weapon Shop.
 24238 | Orc:1    | Noticed melvinkitnick's ghost (journeyman DDFi)
 24271 | Orc:1    | Killed melvinkitnick's ghost
 24349 | Orc:1    | Found Gauneru's Magic Scroll Boutique.
 24580 | Shoals:1 | Entered Level 1 of the Shoals
 24594 | Shoals:1 | Reached skill level 15 in Fighting
 24594 | Shoals:1 | Reached skill level 17 in Dodging
 25053 | Shoals:1 | HP: 2/129 [merfolk/trident (13)]
 25055 | Shoals:1 | Shot with a stone by a faun

Vault maps used:
D:1:      lemuel_arrival_tunnels, kennysheep_flooded_box, serial_park_tiny_1,
          minmay_misc_feat_square
D:2:      minmay_diamond_boxcup, first_bread, uniq_crazy_yiuf_cottage
D:3:      lemuel_upstairs_altar, trog_hazing_becter, uniq_natasha, uniq_ijyb
D:4:      lemuel_round_altar, uniq_grinder
D:5:      uniq_blork_the_orc
D:6:      minmay_temple_entry_nine_rooms, serial_shops, nicolae_shop_trees,
          shop, shop, nicolae_shop_temple_entry_statues_fountains, shop,
          uniq_menkaure
D:7:      gammafunk_temple_overflow_wave, enter_bailey_3, serial_glass,
          glass_columns_b, glass_columns_a, lightli_church_of_beogh,
          uniq_prince_ribbit1
D:8:      corexii_shantytown, uniq_maurice
D:9:      nemelex_altar_shiori, overflow_temple_1_default,
          chequers_temple_overflow_statue_of_worship, basic_altar
D:10:     dpeg_lair_monsters, uniq_josephine
D:11:     cheibrodos_fzero
D:12:     david_orc_4, serial_shops, shop, shop_statue, shop, shop,
          nicolae_shop_trees
D:13:     erik_vaults_2, blue_anna_alchemist, uniq_rupert
Lair:1:   basic_altar, serial_bayou_lake_a, serial_bayou_shore_a
Lair:2:   kb_forest_paths, lab_entry_generic, infiniplex_staircase_pool_2
Lair:3:   elwin_shoals_entry_stream
Lair:4:   spider_nest_entry_funnel_web, basic_altar, infiniplex_staircase_pool
Lair:5:   slime_altar_1
Lair:6:   cheibrodos_lair_end_hotspot, nicolae_lair_yak_garden
Orc:1:    serial_shops, shop, uniq_gastronok
Orc:2:    grunt_orc_cross
Lab:      labyrinth_mini_lab, nicolae_lab_grate_2, labyrinth_skeletal_remains,
          labyrinth_lava_lair

Skill      XL: |  1  2  3  4  5  6  7  8  9 10 11 12 13 14 15 |
---------------+----------------------------------------------+-----
Dodging        | 1 2 3 5 6 8 9 10 12 13 16 17 | 17.0
Polearms       | 4 5 6 7 9 10 12 13 14 | 14.0
Shields        | 4 5 6 7 9 10 12 13 14 15 | 15.9
Fighting       | 4 5 6 7 8 9 11 12 14 15 | 15.0
Armour         | |  2.1

Action                   |  1- 3 |  4- 6 |  7- 9 | 10-12 | 13-15 || total
-------------------------+-------+-------+-------+-------+-------++-------
Melee: Trident           |   114 |   195 |   522 |   853 |  1841 ||  3525
       Spear             |       |       |    14 |       |       ||    14
       Unarmed           |       |       |       |     1 |       ||     1
Invok: Sacrifice Artific |       |     1 |       |       |       ||     1
       Sacrifice Arcana  |       |       |     1 |       |       ||     1
       Sacrifice Love    |       |       |     1 |       |       ||     1
       Reject Sacrifices |       |       |       |     2 |       ||     2
       Draw Out Power    |       |       |       |       |     2 ||     2
       Sacrifice Stealth |       |       |       |       |     1 ||     1
       Sacrifice Essence |       |       |       |       |     1 ||     1
  Use: Potion            |       |     1 |     2 |     6 |     6 ||    15
       Scroll            |       |       |    11 |     7 |    10 ||    28
 Stab: Invisible         |       |     1 |     3 |     5 |    13 ||    22
       Distracted        |       |       |     1 |     3 |    11 ||    15
       Sleeping          |       |       |       |     3 |     3 ||     6
  Eat: Chunk             |       |     4 |     7 |    17 |    22 ||    50
       Meat ration       |       |       |     1 |       |       ||     1
       Fruit             |       |       |     6 |       |     6 ||    12
       Royal jelly       |       |       |     1 |     1 |     1 ||     3
       Bread ration      |       |       |       |       |     2 ||     2
Armor: Scale mail        |    58 |    98 |   106 |    22 |   164 ||   448
       Skin              |       |       |       |     5 |       ||     5
       Troll leather arm |       |       |       |    27 |       ||    27
Dodge: Dodged            |    28 |    65 |   145 |   217 |   705 ||  1160
Block: Shield            |    47 |   105 |   187 |   274 |   440 ||  1053
       Large shield      |       |       |       |       |   536 ||   536

Table legend:
 A = Spawn XP
 B = Non-spawn XP
 C = Spawn XP percentage of total XP
 D = Spawn monster count
 E = Non-spawn monster count
 F = Spawn count percentage of total count
 G = Total turns spent on level
                    A         B        C        D         E        F      G
               +---------+---------+-------+---------+---------+-------+---------
         Total |       0 |  113533 |   0.0 |       0 |     658 |   0.0 | 25055
               +---------+---------+-------+---------+---------+-------+---------
           D:1 |       0 |      52 |   0.0 |       0 |      30 |   0.0 |   960
           D:2 |       0 |     174 |   0.0 |       0 |      35 |   0.0 |   754
           D:3 |       0 |     488 |   0.0 |       0 |      22 |   0.0 |  1466
           D:4 |       0 |     690 |   0.0 |       0 |      14 |   0.0 |  1021
           D:5 |       0 |     300 |   0.0 |       0 |      14 |   0.0 |   759
           D:6 |       0 |    1242 |   0.0 |       0 |      36 |   0.0 |  1882
           D:7 |       0 |    2502 |   0.0 |       0 |      57 |   0.0 |   827
           D:8 |       0 |     725 |   0.0 |       0 |      27 |   0.0 |   782
           D:9 |       0 |    1183 |   0.0 |       0 |      21 |   0.0 |   470
          D:10 |       0 |    6943 |   0.0 |       0 |      25 |   0.0 |  1469
          D:11 |       0 |    9400 |   0.0 |       0 |      43 |   0.0 |  1285
          D:12 |       0 |    5984 |   0.0 |       0 |      41 |   0.0 |   749
        Lair:1 |       0 |    4283 |   0.0 |       0 |      14 |   0.0 |  1089
        Lair:2 |       0 |    5630 |   0.0 |       0 |      23 |   0.0 |  1517
        Lair:3 |       0 |    6110 |   0.0 |       0 |      23 |   0.0 |  1231
        Lair:4 |       0 |    7327 |   0.0 |       0 |      25 |   0.0 |  1544
        Lair:5 |       0 |   16491 |   0.0 |       0 |      43 |   0.0 |  2753
        Lair:6 |       0 |   19829 |   0.0 |       0 |      56 |   0.0 |  1710
      Shoals:1 |       0 |    4227 |   0.0 |       0 |       8 |   0.0 |   101
         Orc:1 |       0 |   10730 |   0.0 |       0 |      47 |   0.0 |  1012
         Orc:2 |       0 |    7673 |   0.0 |       0 |      49 |   0.0 |  1178
           Lab |       0 |    1550 |   0.0 |       0 |       5 |   0.0 |   494
               +---------+---------+-------+---------+---------+-------+---------
